 Dungeon Crawl Stone Soup version 0.28.0-1-gb440e238dd (webtiles) character file.

Game seed: 13851507069854210501

822 bande the Covered (level 7, -3/44 HPs)
             Began as a Gargoyle Fighter on Feb 21, 2022.
             Slain by an orc priest (4 damage)
             ... on level 4 of the Dungeon.
             The game lasted 00:04:56 (3425 turns).

bande the Covered (Gargoyle Fighter)                Turns: 3425, Time: 00:04:56

Health: -3/44      AC: 18    Str: 19    XL:     7   Next: 95%
Magic:  7/7        EV:  7    Int:  9    God:
Gold:   90         SH:  5    Dex: 11    Spells: 6/6 levels left

rFire   . . .      SeeInvis .   a - +1 war axe
rCold   . . .      Faith    .   c - +0 buckler
rNeg    + + .      Spirit   .   n - +0 chain mail
rPois   ∞          Reflect  .   m - +2 helmet
rElec   +          Harm     .   (no cloak)
rCorr   .          Rampage  .   (no gloves)
Will    .....                   (no boots)
Stlth   ..........              (no amulet)
HPRegen 0.14/turn               g - ring of positive energy
MPRegen 0.10/turn               (no ring)

@: no status effects
A: sickness immunity, AC +4, negative energy resistance 1, electricity
resistance, torment resistance 1, petrification resistance
a: no special abilities


You were on level 4 of the Dungeon.
You visited 1 branch of the dungeon, and saw 4 of its levels.

You collected 90 gold pieces.

Inventory:

Hand Weapons
 a - a +1 war axe (weapon)
 l - a +0 flail
Armour
 c - a +0 buckler (worn)
 m - a +2 helmet (worn)
 n - a +0 chain mail (worn)
Jewellery
 g - a ring of positive energy (left hand)
 j - an amulet of magic regeneration
Scrolls
 d - a scroll of blinking
 o - a scroll of fog {unknown}
Potions
 b - a potion of resistance
 e - 2 potions of curing {unknown}
 f - 2 potions of heal wounds
 h - a potion of brilliance {unknown}
 i - a potion of cancellation {unknown}
 k - a potion of lignification {unknown}


   Skills:
 + Level 4.8 Fighting
 + Level 5.5 Axes
 + Level 6.0 Armour
 - Level 0.2 Stealth
 + Level 4.5 Shields


You had 6 spell levels left.
You didn't know any spells.
Your spell library contained the following spells:

 Spells                   Type           Power      Damage    Failure   Level
 Freeze                   Ice            0%         1d3       99%         1
 Frozen Ramparts          Ice            0%         1d2       100%        3
 Inner Flame              Hex/Fire       0%         N/A       100%        3
 Cause Fear               Hex            0%         N/A       100%        4
 Hailstorm                Conj/Ice       0%         3d3       100%        4
 Discord                  Hex            0%         N/A       100%        8


Dungeon Overview and Level Annotations

Branches:
Dungeon (4/15)
 Temple: D:4-7

Altars:
Zin

Shops:
D:3 [

Annotations:
D:4 Blork the orc


Innate Abilities, Weirdness & Mutations

You are immune to sickness and miasma.
Your stone body is resilient. (AC +4)
You are immune to poison.
You resist negative energy. (rN+)
You are resistant to electric shocks. (rElec)
You are resistant to unholy torment.
You are immune to petrification.


Message History

The jackal barely misses you. Blork the orc hits you with a +0 flail!
The orc priest hits you with a +0 morningstar.
* * * LOW HITPOINT WARNING * * *
Unknown command.
You hit the jackal.
You kill the jackal!
You slash the orc priest! You hit Blork the orc.
Blork the orc hits you but does no damage.
The orc priest misses you.
You slash the orc!
You kill the orc!
You barely miss Blork the orc. You closely miss the orc priest.
Blork the orc hits you but does no damage.
The orc priest miscasts a cantrip.
Unknown command.
You closely miss the orc. You barely miss the orc priest.
You closely miss Blork the orc.
The orc priest looks braver for a moment.
Blork the orc hits you but does no damage.
The orc closely misses you.
Blork the orc hits you but does no damage.
The orc priest looks encouraged for a moment.
You closely miss the orc. You hit Blork the orc.
You closely miss the orc priest. The orc barely misses you.
Blork the orc hits you but does no damage.
The orc priest calls down the wrath of Beogh upon you.
You are unaffected.
The orc hits you but does no damage.
You closely miss the orc. You closely miss the orc priest.
You hit Blork the orc.
Blork the orc casts a spell.
Blork the orc seems to speed up.
The orc priest barely misses you. The orc barely misses you.
Unknown command.
You slash the orc!
You kill the orc!
You hit Blork the orc. You barely miss the orc priest.
Blork the orc hits you with a +0 flail!
* * * LOW HITPOINT WARNING * * *
The orc priest hits you with a +0 morningstar.
You die...

............... .......
##......##..... .......
#......##.##.. .......
#......##.##.. .......
#[............ ...)...
#............. .......
#........####.
..<...o#########..#####.
......)@................
......o#################
......h .... ....... ###
....... #.###.. .......
#...... .../... #####.#
....... #.# ##..


You could see Blork the orc (fast), an orc priest and a jackal.

Vanquished Creatures
  Grinder (D:4)
  Sigmund (D:3)
  Menkaure (D:4)
  An ogre (D:4)
  A scorpion (D:4)
  Jessica (D:3)
  Natasha (twice) (D:3)
  An orc wizard (D:4)
  6 adders
  A worm (D:2)
  5 orcs
  5 bats
  5 endoplasms
  3 giant cockroaches
  3 goblins
  6 hobgoblins
  A jackal (D:4)
  2 kobolds
  A quokka (D:2)
  7 ball pythons
  A frilled lizard (D:2)
  7 rats
62 creatures vanquished.

Notes
Turn   | Place    | Note
-------+----------+-------------------------------------------
     0 | D:1      | bande the Gargoyle Fighter began the quest for the Orb.
     0 | D:1      | Reached XP level 1. HP: 14/14 MP: 1/1
   451 | D:1      | Found a faded altar of an unknown god.
   691 | D:2      | Reached XP level 2. HP: 18/19 MP: 2/2
   824 | D:2      | Reached XP level 3. HP: 18/24 MP: 3/3
  1143 | D:2      | Reached skill level 4 in Armour
  1143 | D:2      | Reached XP level 4. HP: 29/29 MP: 4/4
  1480 | D:3      | Noticed Natasha
  1481 | D:3      | Noticed Jessica
  1485 | D:3      | Killed Jessica
  1486 | D:3      | Killed Natasha
  1649 | D:3      | Reached XP level 5. HP: 32/33 MP: 5/5
  1720 | D:3      | Found Upseloppo's Antique Armour Emporium.
  1720 | D:3      | Noticed Sigmund
  1737 | D:3      | Killed Sigmund
  1738 | D:3      | Reached XP level 6. HP: 26/39 MP: 6/6
  2054 | D:3      | Found a glowing silver altar of Zin.
  2054 | D:3      | Noticed an angel
  2402 | D:3      | Noticed Natasha
  2406 | D:3      | Killed Natasha
  2645 | D:4      | Noticed Menkaure
  2653 | D:4      | Killed Menkaure
  2654 | D:4      | Reached skill level 5 in Armour
  2678 | D:4      | Reached XP level 7. HP: 30/44 MP: 7/7
  3204 | D:4      | Noticed Grinder
  3211 | D:4      | Paralysed by Grinder for 2 turns
  3218 | D:4      | Paralysed by Grinder for 6 turns
  3225 | D:4      | Killed Grinder
  3226 | D:4      | Reached skill level 5 in Axes
  3415 | D:4      | Noticed Blork the orc
  3417 | D:4      | Reached skill level 6 in Armour
  3425 | D:4      | HP: 1/44 [Blork the orc (11)]
  3425 | D:4      | Slain by an orc priest

Illustrated notes

Levels and vault maps discovered:
D:1:      dpeg_arrival_connections, layout_basic,
          hellmonk_ecumenical_altar_inner_sanctum
D:2:      layout_basic, lightli_corner_chamber
D:3:      layout_basic, zin_angel, serial_shops, shop, uniq_jessica,
          uniq_sigmund, uniq_natasha
D:4:      layout_basic, cheibrodos_sewer_entry_bend, minmay_ruptured,
          uniq_blork_the_orc, uniq_menkaure, uniq_grinder

Skill      XL: |  1  2  3  4  5  6  7 |
---------------+----------------------+-----
Axes           | 2 3 4 5 |  5.5
Armour         | 4 5 6 |  6.0
Fighting       | 4 |  4.8
Shields        | 4 |  4.5
Stealth        | |  0.2

Action                   |  1- 3 |  4- 6 |  7- 9 || total
-------------------------+-------+-------+-------++-------
Melee: War axe           |    54 |    69 |    57 ||   180
  Use: Scroll            |     2 |     3 |       ||     5
       Potion            |       |     1 |       ||     1
Armor: Scale mail        |    27 |    21 |       ||    48
       Chain mail        |       |    10 |    31 ||    41
Dodge: Dodged            |    24 |    28 |    29 ||    81
Block: Buckler           |    11 |    22 |    11 ||    44
